[ AOE2 MATCH · #483842234 ]
UnrankedCumans vs Mongols
[ REPLAY ANALYSIS · EXTRACTED FROM THE RECORDED GAME ]
Feudal
9:06
Castle
23:46
Imperial
34:49
| APM avg | 44.3 |
| APM peak | 100 |
| eAPM avg | 33.9 |
| Villagers / military | 206 / 295 |
Focus
⚔️ 39.8% · 🌾 60.2%
Knight ×126 · Scout Cavalry ×96 · Kipchak ×64 · Trade Cart ×45 · Trebuchet (Packed) ×8 · Monk ×1
Feudal
11:49
Castle
15:44
Imperial
31:09
| APM avg | 43.2 |
| APM peak | 82 |
| eAPM avg | 20.1 |
| Villagers / military | 149 / 283 |
Focus
⚔️ 34.3% · 🌾 65.7%
Mangudai ×119 · Scout Cavalry ×111 · Camel Scout ×32 · Battering Ram ×16 · Trebuchet (Packed) ×4 · Monk ×1
Feudal
11:42
Castle
15:19
Imperial
30:27
| APM avg | 52.6 |
| APM peak | 107 |
| eAPM avg | 35.3 |
| Villagers / military | 326 / 248 |
Focus
⚔️ 34.6% · 🌾 65.4%
Spearman ×147 · Scorpion ×74 · Battering Ram ×24 · Mangonel ×2 · Trebuchet (Packed) ×1
Feudal
13:16
Castle
—
Imperial
—
| APM avg | 12.3 |
| APM peak | 62 |
| eAPM avg | 6.0 |
| Villagers / military | 37 / 5 |
Focus
⚔️ 36.6% · 🌾 63.4%
Scout Cavalry ×5
Feudal
10:00
Castle
21:57
Imperial
35:15
| APM avg | 49.5 |
| APM peak | 130 |
| eAPM avg | 31.8 |
| Villagers / military | 174 / 203 |
Focus
⚔️ 33.8% · 🌾 66.2%
Elephant Archer ×109 · Spearman ×63 · Bombard Cannon ×10 · Archer ×7 · Militia ×6 · Hand Cannoneer ×4
Feudal
11:34
Castle
14:50
Imperial
30:22
| APM avg | 39.5 |
| APM peak | 87 |
| eAPM avg | 20.0 |
| Villagers / military | 163 / 355 |
Focus
⚔️ 25.8% · 🌾 74.2%
Scout Cavalry ×170 · Knight ×169 · Trade Cart ×24 · Battering Ram ×8 · Petard ×6 · Monk ×2
Feudal
10:00
Castle
22:49
Imperial
33:19
| APM avg | 30.5 |
| APM peak | 87 |
| eAPM avg | 17.0 |
| Villagers / military | 103 / 100 |
Focus
⚔️ 34.0% · 🌾 66.0%
Spearman ×88 · Militia ×9 · Trebuchet (Packed) ×2 · Samurai ×1
Feudal
11:34
Castle
16:11
Imperial
31:50
| APM avg | 40.3 |
| APM peak | 90 |
| eAPM avg | 23.6 |
| Villagers / military | 149 / 337 |
Focus
⚔️ 47.5% · 🌾 52.5%
Cavalry Archer ×161 · Skirmisher ×146 · Battering Ram ×19 · Trebuchet (Packed) ×10 · Mangonel ×1
Match map
Initial resources + every placement click. Lines = walls · curves = elevation contours. ◆ gold · ⬟ stone · ● berries · ✦ relic · ◌ wall gap
Your base· ✓ Closed at 23:46 · 2t walls · no gate
結城結弦's base· ✓ Closed at 15:44 · 0t walls · no gate
[LuB]cph's base· ✓ Closed at 15:19 · 0t walls · no gate
mojotzotzo's base· ✓ Closed at 12:00 · 18t walls · no gate
菜菜虎's base· ✓ Closed at 21:57 · 22t walls · no gate
_SuLTaN_'s base· ✓ Closed at 14:50 · 14t walls · 1 gate(s)
joosephy's base· ✓ Closed at 22:49 · 23t walls · 2 gate(s)
Dangio's base· ✓ Closed at 16:11 · 34t walls · no gate
Smoothed initial terrain · ◌ = detected wall gap · hover for details
Inputs per minute
— ITA | Carma - - 結城結弦
Build order — ITA | Carma
First 150 of 858 actions detected
| 0:01 | Create | Villager (Male) |
| 0:01 | Create | Villager (Male) |
| 0:01 | Create | Villager (Male) |
| 0:02 | Create | Villager (Male) |
| 0:02 | Create | Villager (Male) |
| 0:03 | Build | House |
| 0:05 | Build | House |
| 1:23 | Create | Villager (Male) |
| 1:23 | Create | Villager (Male) |
| 1:56 | Build | Lumber Camp |
| 2:02 | Create | Villager (Male) |
| 2:02 | Create | Villager (Male) |
| 2:20 | Create | Villager (Male) |
| 2:20 | Create | Villager (Male) |
| 2:53 | Create | Villager (Male) |
| 2:53 | Create | Villager (Male) |
| 3:14 | Create | Villager (Male) |
| 3:14 | Create | Villager (Male) |
| 3:23 | Build | House |
| 3:40 | Create | Villager (Male) |
| 3:57 | Create | Villager (Male) |
| 3:58 | Create | Villager (Male) |
| 4:27 | Create | Villager (Male) |
| 4:41 | Build | Mill |
| 4:46 | Create | Villager (Male) |
| 5:19 | Create | Villager (Male) |
| 5:37 | Create | Villager (Male) |
| 5:41 | Build | House |
| 6:19 | Create | Villager (Male) |
| 6:56 | Research | Feudal Age |
| 7:14 | Build | Lumber Camp |
| 8:49 | Create | Villager (Male) |
| 8:53 | Build | House |
| 9:06 | Age | Feudal Age |
| 9:11 | Build | Town Center |
| 9:22 | Create | Villager (Male) |
| 9:23 | Research | Double-Bit Axe |
| 9:24 | Research | Horse Collar |
| 10:00 | Create | Villager (Male) |
| 10:19 | Build | Farm |
| 10:23 | Create | Villager (Male) |
| 10:36 | Create | Villager (Male) |
| 10:41 | Create | Villager (Male) |
| 10:53 | Create | Villager (Male) |
| 10:57 | Build | Farm |
| 10:59 | Build | Farm |
| 11:09 | Create | Villager (Male) |
| 11:09 | Create | Villager (Male) |
| 11:15 | Create | Villager (Male) |
| 11:31 | Build | Farm |
| 11:42 | Create | Villager (Male) |
| 11:42 | Create | Villager (Male) |
| 11:43 | Create | Villager (Male) |
| 11:51 | Build | Farm |
| 11:53 | Create | Villager (Male) |
| 11:53 | Create | Villager (Male) |
| 12:09 | Create | Villager (Male) |
| 12:15 | Build | House |
| 12:17 | Create | Villager (Male) |
| 12:17 | Create | Villager (Male) |
| 12:26 | Create | Villager (Male) |
| 12:26 | Create | Villager (Male) |
| 12:30 | Build | Farm |
| 12:37 | Create | Villager (Male) |
| 12:37 | Create | Villager (Male) |
| 12:41 | Build | House |
| 13:06 | Build | Lumber Camp |
| 13:11 | Create | Villager (Male) |
| 13:15 | Build | Farm |
| 13:22 | Create | Villager (Male) |
| 13:34 | Create | Villager (Male) |
| 13:41 | Create | Villager (Male) |
| 13:43 | Build | Mining Camp |
| 13:47 | Create | Villager (Male) |
| 13:53 | Build | Farm |
| 13:56 | Build | Farm |
| 13:57 | Create | Villager (Male) |
| 14:00 | Build | Farm |
| 14:05 | Create | Villager (Male) |
| 14:10 | Research | Wheelbarrow |
| 14:13 | Create | Villager (Male) |
| 14:30 | Build | Barracks |
| 14:39 | Create | Villager (Male) |
| 14:45 | Create | Villager (Male) |
| 15:08 | Create | Villager (Male) |
| 15:18 | Build | Stable |
| 15:23 | Build | Farm |
| 15:23 | Build | Farm |
| 15:23 | Build | Farm |
| 15:23 | Build | Farm |
| 15:24 | Build | Farm |
| 15:24 | Build | Farm |
| 15:30 | Create | Villager (Male) |
| 15:33 | Build | Farm |
| 15:33 | Build | Farm |
| 15:44 | Create | Villager (Male) |
| 15:49 | Build | House |
| 15:57 | Create | Villager (Male) |
| 16:00 | Build | Stable |
| 16:05 | Build | Farm |
| 16:13 | Build | Lumber Camp |
| 16:18 | Create | Villager (Male) |
| 16:23 | Create | Scout Cavalry |
| 16:33 | Build | Farm |
| 16:34 | Build | Mill |
| 16:35 | Create | Villager (Male) |
| 16:45 | Create | Villager (Male) |
| 16:50 | Build | House |
| 16:52 | Create | Villager (Male) |
| 17:01 | Create | Scout Cavalry |
| 17:01 | Create | Scout Cavalry |
| 17:02 | Create | Villager (Male) |
| 17:06 | Build | House |
| 17:27 | Create | Villager (Male) |
| 17:29 | Create | Villager (Male) |
| 17:32 | Build | Farm |
| 17:32 | Build | Farm |
| 17:32 | Build | Farm |
| 17:33 | Build | Farm |
| 17:33 | Build | Farm |
| 17:33 | Build | Farm |
| 17:34 | Build | Farm |
| 17:34 | Build | Farm |
| 17:37 | Create | Villager (Male) |
| 17:44 | Create | Scout Cavalry |
| 17:48 | Build | House |
| 17:51 | Build | House |
| 17:53 | Build | House |
| 17:56 | Build | House |
| 17:58 | Build | House |
| 18:04 | Build | House |
| 18:11 | Create | Villager (Male) |
| 18:17 | Create | Villager (Male) |
| 18:19 | Build | House |
| 18:23 | Create | Villager (Male) |
| 18:27 | Build | Palisade Gate |
| 18:30 | Build | Blacksmith |
| 18:36 | Create | Villager (Male) |
| 18:43 | Build | Blacksmith |
| 18:50 | Build | Market |
| 18:53 | Create | Villager (Male) |
| 18:56 | Build | Farm |
| 18:57 | Build | Farm |
| 18:57 | Build | Farm |
| 18:57 | Build | Farm |
| 18:58 | Build | Farm |
| 18:59 | Create | Villager (Male) |
| 19:08 | Create | Villager (Male) |
| 19:14 | Create | Villager (Male) |
| 19:31 | Build | Mill |
Build order — 結城結弦
First 150 of 465 actions detected
| 0:00 | Create | Villager (Male) |
| 0:00 | Create | Villager (Male) |
| 0:01 | Create | Villager (Male) |
| 0:01 | Create | Villager (Male) |
| 0:02 | Build | House |
| 0:04 | Build | House |
| 1:24 | Create | Villager (Male) |
| 1:24 | Create | Villager (Male) |
| 2:08 | Create | Villager (Male) |
| 2:12 | Build | Lumber Camp |
| 2:34 | Create | Villager (Male) |
| 2:34 | Create | Villager (Male) |
| 2:49 | Create | Villager (Male) |
| 3:11 | Create | Villager (Male) |
| 3:12 | Create | Villager (Male) |
| 3:30 | Build | House |
| 3:41 | Create | Villager (Male) |
| 3:41 | Create | Villager (Male) |
| 3:55 | Build | House |
| 4:13 | Create | Villager (Male) |
| 4:16 | Build | House |
| 4:19 | Research | Loom |
| 4:44 | Create | Villager (Male) |
| 4:45 | Create | Villager (Male) |
| 5:13 | Create | Villager (Male) |
| 5:14 | Create | Villager (Male) |
| 5:41 | Build | Mill |
| 5:42 | Create | Villager (Male) |
| 5:42 | Create | Villager (Male) |
| 5:58 | Create | Villager (Male) |
| 6:25 | Build | Farm |
| 6:44 | Create | Villager (Male) |
| 7:08 | Build | Farm |
| 7:11 | Create | Villager (Male) |
| 7:15 | Build | Mining Camp |
| 7:42 | Create | Villager (Male) |
| 7:42 | Create | Villager (Male) |
| 8:07 | Create | Villager (Male) |
| 8:15 | Build | Lumber Camp |
| 8:23 | Create | Villager (Male) |
| 8:23 | Create | Villager (Male) |
| 9:23 | Research | Feudal Age |
| 9:23 | Research | Feudal Age |
| 9:47 | Build | Mining Camp |
| 10:00 | Create | Villager (Male) |
| 10:00 | Create | Villager (Male) |
| 10:45 | Create | Villager (Male) |
| 10:45 | Create | Villager (Male) |
| 11:27 | Create | Villager (Male) |
| 11:48 | Create | Villager (Male) |
| 11:49 | Age | Feudal Age |
| 11:57 | Build | Blacksmith |
| 12:01 | Build | Market |
| 12:02 | Create | Villager (Male) |
| 12:46 | Research | Double-Bit Axe |
| 13:02 | Research | Castle Age |
| 13:13 | Build | House |
| 13:19 | Research | Horse Collar |
| 13:39 | Create | Villager (Male) |
| 15:07 | Build | Farm |
| 15:09 | Create | Villager (Male) |
| 15:10 | Create | Villager (Male) |
| 15:44 | Age | Castle Age |
| 15:45 | Create | Villager (Male) |
| 15:47 | Create | Villager (Male) |
| 15:50 | Build | Monastery |
| 15:55 | Research | Bow Saw |
| 15:55 | Research | Bow Saw |
| 15:57 | Create | Villager (Male) |
| 16:09 | Build | Town Center |
| 16:11 | Create | Villager (Male) |
| 16:14 | Build | Town Center |
| 16:20 | Research | Heavy Plow |
| 16:20 | Research | Heavy Plow |
| 16:25 | Create | Monk |
| 17:00 | Create | Villager (Male) |
| 17:01 | Build | Farm |
| 17:18 | Build | Farm |
| 17:27 | Create | Villager (Male) |
| 17:28 | Create | Villager (Male) |
| 17:41 | Build | Farm |
| 17:43 | Create | Villager (Male) |
| 17:47 | Build | Farm |
| 17:48 | Build | Farm |
| 18:11 | Build | Farm |
| 18:13 | Create | Villager (Male) |
| 18:15 | Create | Villager (Male) |
| 18:18 | Build | Farm |
| 18:20 | Build | Farm |
| 18:24 | Create | Villager (Male) |
| 18:28 | Build | Farm |
| 18:36 | Create | Villager (Male) |
| 18:40 | Create | Villager (Male) |
| 18:44 | Build | Farm |
| 18:46 | Build | Farm |
| 18:54 | Build | Farm |
| 19:00 | Build | Farm |
| 19:09 | Build | Castle |
| 19:12 | Create | Villager (Male) |
| 19:14 | Build | Farm |
| 19:21 | Create | Villager (Male) |
| 19:25 | Build | Farm |
| 19:28 | Build | Farm |
| 19:31 | Create | Villager (Male) |
| 19:35 | Build | Farm |
| 19:39 | Build | House |
| 19:42 | Build | House |
| 19:48 | Research | Wheelbarrow |
| 19:48 | Research | Wheelbarrow |
| 19:57 | Create | Villager (Male) |
| 20:07 | Build | Farm |
| 20:11 | Build | Farm |
| 20:30 | Create | Villager (Male) |
| 20:35 | Create | Villager (Male) |
| 20:52 | Create | Villager (Male) |
| 21:08 | Build | Town Center |
| 21:15 | Create | Villager (Male) |
| 21:16 | Create | Villager (Male) |
| 21:17 | Create | Villager (Male) |
| 21:18 | Create | Villager (Male) |
| 21:22 | Build | Farm |
| 21:24 | Create | Villager (Male) |
| 21:27 | Create | Villager (Male) |
| 21:27 | Create | Villager (Male) |
| 22:08 | Create | Villager (Male) |
| 22:09 | Create | Villager (Male) |
| 22:13 | Create | Villager (Male) |
| 22:14 | Create | Villager (Male) |
| 22:16 | Create | Villager (Male) |
| 22:16 | Create | Villager (Male) |
| 22:24 | Create | Villager (Male) |
| 22:27 | Create | Villager (Male) |
| 22:27 | Create | Villager (Male) |
| 22:29 | Build | Farm |
| 22:30 | Build | Farm |
| 22:33 | Build | Farm |
| 22:35 | Build | Farm |
| 22:37 | Build | Farm |
| 22:41 | Create | Villager (Male) |
| 22:45 | Research | Gold Mining |
| 22:46 | Research | Gold Mining |
| 22:54 | Create | Villager (Male) |
| 22:54 | Create | Villager (Male) |
| 22:54 | Create | Villager (Male) |
| 23:10 | Create | Villager (Male) |
| 23:23 | Create | Villager (Male) |
| 23:25 | Create | Villager (Male) |
| 23:26 | Create | Villager (Male) |
| 23:27 | Create | Villager (Male) |
| 23:27 | Create | Villager (Male) |
Build order — [LuB]cph
First 150 of 868 actions detected
| 0:01 | Create | Villager (Male) |
| 0:02 | Create | Villager (Male) |
| 0:02 | Create | Villager (Male) |
| 0:02 | Create | Villager (Male) |
| 0:02 | Create | Villager (Male) |
| 0:03 | Build | House |
| 0:04 | Build | House |
| 1:32 | Create | Villager (Male) |
| 1:32 | Create | Villager (Male) |
| 1:44 | Build | Lumber Camp |
| 2:10 | Create | Villager (Male) |
| 2:11 | Create | Villager (Male) |
| 2:39 | Create | Villager (Male) |
| 2:39 | Create | Villager (Male) |
| 2:54 | Create | Villager (Male) |
| 2:54 | Create | Villager (Male) |
| 3:13 | Create | Villager (Male) |
| 3:35 | Create | Villager (Male) |
| 4:18 | Create | Villager (Male) |
| 4:18 | Create | Villager (Male) |
| 4:21 | Build | House |
| 4:41 | Create | Villager (Male) |
| 5:13 | Build | Mill |
| 5:32 | Create | Villager (Male) |
| 5:32 | Create | Villager (Male) |
| 5:45 | Create | Villager (Male) |
| 6:03 | Build | House |
| 6:18 | Create | Villager (Male) |
| 6:18 | Create | Villager (Male) |
| 6:53 | Build | Farm |
| 7:08 | Create | Villager (Male) |
| 7:09 | Create | Villager (Male) |
| 7:09 | Create | Villager (Male) |
| 7:38 | Create | Villager (Male) |
| 7:40 | Build | Farm |
| 7:40 | Build | Farm |
| 7:41 | Build | Farm |
| 8:03 | Create | Villager (Male) |
| 8:03 | Create | Villager (Male) |
| 9:05 | Build | House |
| 9:06 | Build | Mining Camp |
| 9:32 | Research | Feudal Age |
| 11:42 | Create | Villager (Male) |
| 11:42 | Create | Villager (Male) |
| 11:42 | Age | Feudal Age |
| 11:46 | Build | Market |
| 11:48 | Build | Blacksmith |
| 11:55 | Research | Double-Bit Axe |
| 12:39 | Research | Castle Age |
| 12:39 | Research | Castle Age |
| 12:55 | Build | Lumber Camp |
| 13:21 | Research | Horse Collar |
| 13:21 | Research | Horse Collar |
| 13:56 | Build | Farm |
| 14:55 | Create | Villager (Male) |
| 15:04 | Build | House |
| 15:19 | Age | Castle Age |
| 15:20 | Build | Siege Workshop |
| 15:23 | Create | Villager (Male) |
| 15:26 | Build | Town Center |
| 15:27 | Research | Bow Saw |
| 15:40 | Build | Siege Workshop |
| 16:15 | Create | Villager (Male) |
| 16:23 | Create | Mangonel |
| 16:34 | Build | Farm |
| 16:37 | Build | Farm |
| 16:43 | Create | Villager (Male) |
| 16:45 | Create | Villager (Male) |
| 16:51 | Build | House |
| 17:01 | Create | Villager (Male) |
| 17:04 | Create | Villager (Male) |
| 17:25 | Create | Battering Ram |
| 17:26 | Create | Villager (Male) |
| 17:30 | Create | Villager (Male) |
| 17:31 | Build | Farm |
| 17:44 | Create | Villager (Male) |
| 18:01 | Create | Villager (Male) |
| 18:01 | Create | Villager (Male) |
| 18:03 | Build | Farm |
| 18:04 | Build | Farm |
| 18:05 | Create | Villager (Male) |
| 18:11 | Build | Town Center |
| 18:13 | Create | Villager (Male) |
| 18:16 | Research | Wheelbarrow |
| 18:55 | Create | Villager (Male) |
| 18:55 | Create | Villager (Male) |
| 18:55 | Create | Villager (Male) |
| 18:57 | Build | Farm |
| 18:57 | Build | Farm |
| 19:01 | Build | Farm |
| 19:01 | Build | Farm |
| 19:02 | Build | Farm |
| 19:02 | Build | Farm |
| 19:02 | Build | Farm |
| 19:08 | Research | Loom |
| 19:09 | Research | Town Watch |
| 19:15 | Build | House |
| 19:25 | Create | Villager (Male) |
| 19:25 | Create | Villager (Male) |
| 19:25 | Create | Villager (Male) |
| 19:42 | Create | Villager (Male) |
| 19:52 | Build | Town Center |
| 19:53 | Create | Villager (Male) |
| 19:53 | Create | Villager (Male) |
| 20:00 | Build | Town Center |
| 20:01 | Create | Villager (Male) |
| 20:15 | Create | Villager (Male) |
| 20:15 | Create | Villager (Male) |
| 20:20 | Build | Outpost |
| 20:26 | Build | Farm |
| 20:30 | Build | Farm |
| 20:33 | Build | Farm |
| 20:34 | Build | Farm |
| 20:35 | Create | Villager (Male) |
| 20:35 | Create | Villager (Male) |
| 20:47 | Create | Villager (Male) |
| 20:49 | Create | Villager (Male) |
| 20:54 | Create | Villager (Male) |
| 21:17 | Create | Villager (Male) |
| 21:18 | Create | Villager (Male) |
| 21:22 | Build | Outpost |
| 21:24 | Create | Villager (Male) |
| 21:25 | Create | Villager (Male) |
| 21:25 | Create | Villager (Male) |
| 21:33 | Build | Farm |
| 21:35 | Build | Farm |
| 21:35 | Build | Farm |
| 21:36 | Build | Farm |
| 21:37 | Create | Villager (Male) |
| 21:37 | Create | Villager (Male) |
| 21:41 | Build | Farm |
| 21:41 | Build | Farm |
| 21:41 | Build | Farm |
| 21:42 | Build | Farm |
| 21:42 | Build | Farm |
| 21:50 | Create | Villager (Male) |
| 21:54 | Create | Villager (Male) |
| 22:20 | Create | Villager (Male) |
| 22:20 | Create | Villager (Male) |
| 22:21 | Create | Villager (Male) |
| 22:32 | Create | Villager (Male) |
| 22:33 | Create | Villager (Male) |
| 22:33 | Create | Villager (Male) |
| 22:34 | Build | Farm |
| 22:35 | Build | Farm |
| 22:36 | Build | Farm |
| 22:37 | Build | Farm |
| 22:37 | Build | Farm |
| 22:37 | Build | Farm |
| 22:39 | Create | Villager (Male) |
Build order — mojotzotzo
66 actions detected in the replay
| 0:01 | Create | Villager (Male) |
| 0:02 | Create | Villager (Male) |
| 0:02 | Create | Villager (Male) |
| 0:02 | Create | Villager (Male) |
| 0:02 | Create | Villager (Male) |
| 0:04 | Build | House |
| 0:06 | Build | House |
| 1:23 | Create | Villager (Male) |
| 2:15 | Create | Villager (Male) |
| 2:53 | Create | Villager (Male) |
| 3:08 | Create | Villager (Male) |
| 3:25 | Create | Villager (Male) |
| 3:32 | Create | Villager (Male) |
| 3:48 | Build | House |
| 3:51 | Build | Palisade Wall |
| 3:58 | Create | Villager (Male) |
| 4:15 | Create | Villager (Male) |
| 4:26 | Create | Villager (Male) |
| 5:05 | Create | Villager (Male) |
| 5:11 | Create | Villager (Male) |
| 5:46 | Create | Villager (Male) |
| 5:56 | Create | Villager (Male) |
| 5:58 | Build | Mill |
| 6:14 | Create | Villager (Male) |
| 6:56 | Create | Villager (Male) |
| 6:59 | Build | House |
| 7:58 | Build | House |
| 8:29 | Create | Villager (Male) |
| 8:39 | Create | Villager (Male) |
| 8:52 | Build | Barracks |
| 9:05 | Create | Villager (Male) |
| 9:05 | Create | Villager (Male) |
| 9:05 | Create | Villager (Male) |
| 9:06 | Create | Villager (Male) |
| 9:06 | Create | Villager (Male) |
| 9:08 | Research | Loom |
| 10:19 | Research | Feudal Age |
| 10:25 | Build | House |
| 10:28 | Build | House |
| 10:32 | Build | House |
| 10:34 | Build | House |
| 10:51 | Build | Palisade Wall |
| 11:22 | Build | Palisade Wall |
| 11:53 | Build | Palisade Wall |
| 12:26 | Build | Mule Cart |
| 13:10 | Create | Villager (Male) |
| 13:16 | Age | Feudal Age |
| 13:26 | Build | Stable |
| 13:41 | Create | Villager (Male) |
| 13:50 | Build | Gate |
| 14:09 | Create | Villager (Male) |
| 14:25 | Create | Scout Cavalry |
| 14:26 | Create | Scout Cavalry |
| 14:26 | Create | Scout Cavalry |
| 14:26 | Create | Scout Cavalry |
| 14:26 | Create | Scout Cavalry |
| 14:36 | Build | House |
| 14:42 | Create | Villager (Male) |
| 14:43 | Create | Villager (Male) |
| 14:43 | Create | Villager (Male) |
| 15:26 | Build | Watch Tower |
| 15:44 | Create | Villager (Male) |
| 16:17 | Create | Villager (Male) |
| 16:36 | Create | Villager (Male) |
| 16:47 | Build | Mule Cart |
| 16:51 | Create | Villager (Male) |
Build order — 菜菜虎
First 150 of 540 actions detected
| 0:03 | Create | Villager (Male) |
| 0:03 | Create | Villager (Male) |
| 0:03 | Create | Villager (Male) |
| 0:05 | Build | House |
| 0:09 | Build | House |
| 0:10 | Create | Villager (Male) |
| 1:10 | Research | Loom |
| 1:10 | Create | Villager (Male) |
| 1:48 | Create | Villager (Male) |
| 1:48 | Create | Villager (Male) |
| 1:57 | Build | Palisade Wall |
| 2:00 | Build | Palisade Wall |
| 2:22 | Build | Lumber Camp |
| 2:26 | Create | Villager (Male) |
| 3:00 | Create | Villager (Male) |
| 3:31 | Create | Villager (Male) |
| 3:31 | Create | Villager (Male) |
| 4:00 | Create | Villager (Male) |
| 4:11 | Build | House |
| 4:25 | Create | Villager (Male) |
| 4:40 | Create | Villager (Male) |
| 4:57 | Create | Villager (Male) |
| 5:24 | Create | Villager (Male) |
| 5:27 | Create | Villager (Male) |
| 5:43 | Build | House |
| 6:07 | Create | Villager (Male) |
| 6:34 | Create | Villager (Male) |
| 6:37 | Create | Villager (Male) |
| 7:01 | Build | Barracks |
| 7:50 | Research | Feudal Age |
| 8:13 | Create | Militia |
| 8:13 | Create | Militia |
| 8:20 | Build | House |
| 8:45 | Create | Militia |
| 8:45 | Create | Militia |
| 9:01 | Create | Militia |
| 9:01 | Create | Militia |
| 9:10 | Create | Villager (Male) |
| 10:00 | Age | Feudal Age |
| 10:03 | Research | Man-at-Arms (upgrade) |
| 10:08 | Research | Double-Bit Axe |
| 10:09 | Research | Double-Bit Axe |
| 10:10 | Create | Villager (Male) |
| 10:13 | Build | Archery Range |
| 10:30 | Create | Villager (Male) |
| 10:33 | Create | Villager (Male) |
| 10:48 | Build | House |
| 11:13 | Create | Archer |
| 11:13 | Create | Archer |
| 11:14 | Create | Archer |
| 11:16 | Create | Villager (Male) |
| 11:17 | Create | Villager (Male) |
| 11:45 | Build | House |
| 12:09 | Create | Archer |
| 12:25 | Build | Watch Tower |
| 12:39 | Create | Archer |
| 12:40 | Create | Villager (Male) |
| 12:43 | Create | Villager (Male) |
| 12:46 | Build | Mill |
| 13:09 | Create | Villager (Male) |
| 13:27 | Build | Mining Camp |
| 13:29 | Create | Villager (Male) |
| 13:49 | Create | Villager (Male) |
| 13:50 | Create | Villager (Male) |
| 14:16 | Build | Blacksmith |
| 14:22 | Build | House |
| 14:42 | Build | Farm |
| 14:45 | Build | Farm |
| 15:04 | Research | Fletching |
| 15:05 | Create | Villager (Male) |
| 15:54 | Create | Villager (Male) |
| 15:54 | Create | Villager (Male) |
| 15:55 | Create | Villager (Male) |
| 16:08 | Create | Archer |
| 16:11 | Create | Villager (Male) |
| 16:12 | Build | Farm |
| 16:13 | Build | Farm |
| 16:14 | Build | Farm |
| 16:22 | Create | Archer |
| 16:41 | Create | Villager (Male) |
| 16:46 | Build | House |
| 17:26 | Build | Lumber Camp |
| 17:37 | Build | Farm |
| 17:39 | Build | Farm |
| 17:45 | Create | Villager (Male) |
| 18:04 | Build | Stone Wall |
| 18:05 | Build | Stone Wall |
| 18:06 | Build | Stone Wall |
| 18:08 | Build | Stone Wall |
| 18:16 | Create | Villager (Male) |
| 18:51 | Build | Stone Wall |
| 18:56 | Build | Farm |
| 18:57 | Build | Farm |
| 19:13 | Build | Farm |
| 19:14 | Build | Farm |
| 19:17 | Research | Castle Age |
| 19:19 | Build | Lumber Camp |
| 19:34 | Build | Stone Wall |
| 19:35 | Build | Stone Wall |
| 19:35 | Build | Stone Wall |
| 19:53 | Build | Stone Wall |
| 19:59 | Build | Stone Wall |
| 20:02 | Build | Stone Wall |
| 20:03 | Build | Stone Wall |
| 20:03 | Build | Stone Wall |
| 20:04 | Build | Stone Wall |
| 20:07 | Research | Horse Collar |
| 20:07 | Research | Horse Collar |
| 20:51 | Create | Villager (Male) |
| 21:34 | Build | Farm |
| 21:42 | Create | Villager (Male) |
| 21:57 | Age | Castle Age |
| 21:59 | Build | Town Center |
| 22:01 | Research | Bow Saw |
| 22:02 | Research | Heavy Plow |
| 22:04 | Create | Villager (Male) |
| 22:08 | Build | Town Center |
| 22:15 | Research | Wheelbarrow |
| 22:16 | Research | Wheelbarrow |
| 22:21 | Build | Stone Wall |
| 22:22 | Build | Stone Wall |
| 22:22 | Build | Stone Wall |
| 22:25 | Build | Stone Wall |
| 22:33 | Create | Villager (Male) |
| 22:34 | Create | Villager (Male) |
| 22:49 | Research | Gold Mining |
| 22:50 | Create | Villager (Male) |
| 22:55 | Build | Farm |
| 22:56 | Build | Farm |
| 23:00 | Build | Farm |
| 23:02 | Build | Farm |
| 23:05 | Build | Farm |
| 23:06 | Create | Villager (Male) |
| 23:06 | Create | Villager (Male) |
| 23:16 | Build | Farm |
| 23:18 | Build | Farm |
| 23:22 | Build | Farm |
| 23:24 | Create | Villager (Male) |
| 23:28 | Create | Villager (Male) |
| 23:34 | Build | House |
| 23:35 | Build | House |
| 23:49 | Build | Farm |
| 23:51 | Build | Farm |
| 23:55 | Build | Farm |
| 23:56 | Create | Villager (Male) |
| 23:57 | Create | Villager (Male) |
| 24:08 | Build | House |
| 24:14 | Build | House |
| 24:16 | Create | Villager (Male) |
| 24:17 | Create | Villager (Male) |
Build order — _SuLTaN_
First 150 of 536 actions detected
| 0:01 | Create | Villager (Male) |
| 0:01 | Create | Villager (Male) |
| 0:02 | Build | House |
| 0:04 | Build | House |
| 0:13 | Create | Villager (Male) |
| 0:14 | Create | Villager (Male) |
| 0:24 | Create | Villager (Male) |
| 0:24 | Create | Villager (Male) |
| 1:26 | Create | Villager (Male) |
| 1:44 | Build | Lumber Camp |
| 2:01 | Create | Villager (Male) |
| 2:37 | Create | Villager (Male) |
| 2:37 | Create | Villager (Male) |
| 3:07 | Create | Villager (Male) |
| 3:19 | Build | Mill |
| 3:35 | Build | House |
| 3:44 | Create | Villager (Male) |
| 3:44 | Create | Villager (Male) |
| 4:44 | Build | House |
| 4:45 | Create | Villager (Male) |
| 4:45 | Create | Villager (Male) |
| 4:51 | Create | Villager (Male) |
| 5:03 | Create | Villager (Male) |
| 5:44 | Create | Villager (Male) |
| 6:11 | Build | House |
| 6:28 | Create | Villager (Male) |
| 7:01 | Build | Farm |
| 7:03 | Build | Farm |
| 7:32 | Create | Villager (Male) |
| 7:32 | Create | Villager (Male) |
| 8:04 | Create | Villager (Male) |
| 8:10 | Build | Farm |
| 8:21 | Create | Villager (Male) |
| 8:33 | Create | Villager (Male) |
| 8:45 | Build | Mining Camp |
| 9:01 | Create | Villager (Male) |
| 9:01 | Research | Feudal Age |
| 10:34 | Create | Villager (Male) |
| 10:34 | Create | Villager (Male) |
| 10:59 | Build | Palisade Wall |
| 11:34 | Age | Feudal Age |
| 11:35 | Build | Market |
| 11:40 | Build | Blacksmith |
| 12:25 | Research | Castle Age |
| 12:25 | Research | Castle Age |
| 12:43 | Research | Horse Collar |
| 12:49 | Build | Palisade Gate |
| 13:02 | Build | Palisade Wall |
| 13:07 | Create | Villager (Male) |
| 13:15 | Research | Double-Bit Axe |
| 13:20 | Build | Farm |
| 13:21 | Build | Farm |
| 13:23 | Build | Farm |
| 13:33 | Build | Farm |
| 13:37 | Build | Farm |
| 13:40 | Build | Farm |
| 14:00 | Create | Villager (Male) |
| 14:34 | Build | House |
| 14:44 | Create | Villager (Male) |
| 14:50 | Age | Castle Age |
| 14:53 | Build | Town Center |
| 15:03 | Research | Bow Saw |
| 15:14 | Research | Loom |
| 15:24 | Create | Villager (Male) |
| 15:30 | Build | Monastery |
| 15:34 | Create | Villager (Male) |
| 15:39 | Build | House |
| 15:47 | Create | Villager (Male) |
| 15:53 | Build | Farm |
| 15:55 | Build | Farm |
| 15:57 | Create | Villager (Male) |
| 16:05 | Build | Farm |
| 16:10 | Create | Villager (Male) |
| 16:12 | Create | Monk |
| 16:20 | Build | Farm |
| 16:30 | Build | Farm |
| 16:31 | Create | Villager (Male) |
| 16:31 | Create | Villager (Male) |
| 16:44 | Create | Villager (Male) |
| 17:04 | Create | Villager (Male) |
| 17:13 | Build | Town Center |
| 17:17 | Create | Villager (Male) |
| 17:22 | Build | Farm |
| 17:24 | Create | Villager (Male) |
| 17:25 | Create | Villager (Male) |
| 17:31 | Build | Lumber Camp |
| 17:33 | Create | Villager (Male) |
| 17:45 | Create | Villager (Male) |
| 17:46 | Create | Villager (Male) |
| 17:54 | Build | House |
| 17:55 | Build | House |
| 18:11 | Create | Villager (Male) |
| 18:11 | Create | Villager (Male) |
| 18:15 | Build | Farm |
| 18:17 | Build | Farm |
| 18:18 | Build | Farm |
| 18:32 | Build | Farm |
| 18:38 | Create | Villager (Male) |
| 18:38 | Create | Villager (Male) |
| 18:50 | Build | Town Center |
| 18:51 | Create | Villager (Male) |
| 18:51 | Create | Villager (Male) |
| 18:56 | Build | Farm |
| 19:07 | Create | Villager (Male) |
| 19:07 | Create | Villager (Male) |
| 19:20 | Create | Villager (Male) |
| 19:25 | Build | Farm |
| 19:26 | Build | Farm |
| 19:27 | Build | Farm |
| 19:28 | Build | Farm |
| 19:28 | Create | Villager (Male) |
| 19:36 | Build | Stone Wall |
| 19:42 | Create | Villager (Male) |
| 19:42 | Create | Villager (Male) |
| 19:54 | Build | Stone Wall |
| 20:02 | Create | Villager (Male) |
| 20:03 | Create | Villager (Male) |
| 20:08 | Build | Farm |
| 20:10 | Build | Farm |
| 20:11 | Create | Villager (Male) |
| 20:11 | Create | Villager (Male) |
| 20:15 | Build | Farm |
| 20:16 | Build | Farm |
| 20:17 | Build | Farm |
| 20:27 | Create | Villager (Male) |
| 20:27 | Create | Villager (Male) |
| 20:29 | Build | Farm |
| 20:37 | Create | Villager (Male) |
| 20:46 | Build | House |
| 20:47 | Create | Villager (Male) |
| 20:47 | Create | Villager (Male) |
| 20:49 | Build | Farm |
| 20:57 | Build | Farm |
| 20:58 | Build | Farm |
| 20:59 | Create | Villager (Male) |
| 21:02 | Build | Farm |
| 21:13 | Research | Wheelbarrow |
| 21:15 | Create | Villager (Male) |
| 21:18 | Build | Farm |
| 21:20 | Build | House |
| 21:21 | Build | House |
| 21:24 | Build | House |
| 21:24 | Build | House |
| 21:27 | Create | Villager (Male) |
| 21:29 | Create | Monk |
| 21:35 | Create | Villager (Male) |
| 21:35 | Create | Villager (Male) |
| 21:44 | Build | House |
| 21:44 | Build | House |
| 21:45 | Build | House |
Build order — joosephy
First 150 of 307 actions detected
| 0:01 | Create | Villager (Male) |
| 0:01 | Create | Villager (Male) |
| 0:02 | Build | House |
| 0:03 | Build | House |
| 0:15 | Research | Loom |
| 0:16 | Create | Villager (Male) |
| 0:16 | Create | Villager (Male) |
| 0:16 | Create | Villager (Male) |
| 0:17 | Create | Villager (Male) |
| 1:38 | Build | Palisade Wall |
| 1:50 | Create | Villager (Male) |
| 1:50 | Create | Villager (Male) |
| 2:28 | Create | Villager (Male) |
| 2:28 | Create | Villager (Male) |
| 2:53 | Create | Villager (Male) |
| 3:04 | Build | Lumber Camp |
| 3:14 | Build | House |
| 3:20 | Create | Villager (Male) |
| 3:20 | Create | Villager (Male) |
| 3:47 | Create | Villager (Male) |
| 3:47 | Create | Villager (Male) |
| 4:13 | Create | Villager (Male) |
| 4:13 | Create | Villager (Male) |
| 4:33 | Create | Villager (Male) |
| 4:33 | Create | Villager (Male) |
| 4:59 | Create | Villager (Male) |
| 5:09 | Create | Villager (Male) |
| 5:09 | Create | Villager (Male) |
| 5:10 | Create | Villager (Male) |
| 5:32 | Create | Villager (Male) |
| 6:03 | Create | Villager (Male) |
| 6:35 | Build | Barracks |
| 7:05 | Build | House |
| 7:19 | Create | Villager (Male) |
| 7:50 | Research | Feudal Age |
| 7:50 | Research | Feudal Age |
| 8:09 | Build | Mill |
| 8:21 | Create | Militia |
| 8:39 | Build | House |
| 8:42 | Create | Militia |
| 9:08 | Create | Militia |
| 9:15 | Build | Mining Camp |
| 9:39 | Create | Villager (Male) |
| 9:39 | Create | Villager (Male) |
| 9:46 | Build | Palisade Gate |
| 9:47 | Build | Palisade Wall |
| 9:48 | Build | Palisade Wall |
| 9:49 | Build | Palisade Wall |
| 10:00 | Age | Feudal Age |
| 10:06 | Research | Man-at-Arms (upgrade) |
| 10:17 | Create | Villager (Male) |
| 10:58 | Create | Villager (Male) |
| 11:19 | Create | Villager (Male) |
| 11:24 | Research | Horse Collar |
| 11:24 | Research | Horse Collar |
| 11:27 | Build | Farm |
| 11:30 | Build | Farm |
| 11:47 | Create | Militia |
| 11:47 | Create | Militia |
| 11:53 | Build | Watch Tower |
| 11:56 | Create | Militia |
| 12:32 | Create | Villager (Male) |
| 12:36 | Create | Villager (Male) |
| 12:39 | Build | Farm |
| 12:46 | Build | House |
| 12:52 | Create | Militia |
| 13:07 | Create | Villager (Male) |
| 13:18 | Build | House |
| 13:21 | Create | Villager (Male) |
| 13:47 | Create | Villager (Male) |
| 13:50 | Build | Mining Camp |
| 13:53 | Build | Farm |
| 14:02 | Build | House |
| 14:30 | Create | Villager (Male) |
| 14:30 | Create | Villager (Male) |
| 14:32 | Build | Farm |
| 14:39 | Create | Villager (Male) |
| 14:43 | Build | House |
| 14:45 | Build | House |
| 14:49 | Create | Villager (Male) |
| 14:52 | Create | Villager (Male) |
| 15:10 | Create | Villager (Male) |
| 15:13 | Build | Farm |
| 15:43 | Create | Militia |
| 15:44 | Create | Villager (Male) |
| 15:51 | Create | Villager (Male) |
| 15:53 | Build | Blacksmith |
| 16:19 | Create | Militia |
| 16:34 | Create | Villager (Male) |
| 16:36 | Build | Farm |
| 16:53 | Create | Villager (Male) |
| 16:55 | Build | Farm |
| 17:21 | Build | Farm |
| 17:22 | Build | Market |
| 17:23 | Create | Villager (Male) |
| 17:33 | Build | House |
| 17:43 | Build | Farm |
| 17:45 | Build | Farm |
| 17:51 | Build | House |
| 18:05 | Build | Stone Wall |
| 18:10 | Build | Stone Wall |
| 18:11 | Build | Gate |
| 18:12 | Build | Stone Wall |
| 18:13 | Build | Stone Wall |
| 18:14 | Build | Stone Wall |
| 18:17 | Create | Villager (Male) |
| 18:36 | Build | Farm |
| 18:41 | Build | Farm |
| 18:44 | Build | Farm |
| 18:53 | Build | House |
| 18:57 | Build | Farm |
| 18:58 | Build | Farm |
| 19:44 | Create | Villager (Male) |
| 20:04 | Research | Castle Age |
| 20:04 | Research | Castle Age |
| 20:15 | Build | Farm |
| 20:16 | Build | Farm |
| 20:22 | Create | Spearman |
| 20:42 | Build | Barracks |
| 20:45 | Research | Gold Mining |
| 21:00 | Build | Farm |
| 21:00 | Build | Farm |
| 21:03 | Create | Villager (Male) |
| 21:05 | Create | Spearman |
| 21:27 | Build | Gate |
| 21:31 | Build | Stone Wall |
| 21:35 | Create | Spearman |
| 21:40 | Research | Scale Mail Armor |
| 21:50 | Create | Spearman |
| 22:09 | Create | Spearman |
| 22:29 | Create | Spearman |
| 22:38 | Create | Spearman |
| 22:49 | Age | Castle Age |
| 22:52 | Build | Palisade Gate |
| 22:57 | Create | Villager (Male) |
| 22:59 | Research | Pikeman (upgrade) |
| 23:00 | Research | Squires |
| 23:06 | Create | Spearman |
| 23:16 | Create | Spearman |
| 23:17 | Create | Villager (Male) |
| 23:27 | Build | Farm |
| 23:28 | Create | Villager (Male) |
| 23:32 | Build | University |
| 23:34 | Build | House |
| 23:55 | Create | Spearman |
| 23:56 | Research | Chain Mail Armor |
| 24:02 | Create | Spearman |
| 24:07 | Build | Watch Tower |
| 24:19 | Create | Spearman |
| 24:21 | Research | Fletching |
Build order — Dangio
First 150 of 374 actions detected
| 0:01 | Create | Villager (Male) |
| 0:01 | Create | Villager (Male) |
| 0:01 | Create | Villager (Male) |
| 0:02 | Create | Villager (Male) |
| 0:02 | Create | Villager (Male) |
| 0:03 | Build | House |
| 0:04 | Build | House |
| 0:47 | Build | Palisade Wall |
| 1:43 | Create | Villager (Male) |
| 1:44 | Create | Villager (Male) |
| 1:44 | Create | Villager (Male) |
| 1:59 | Create | Villager (Male) |
| 2:25 | Create | Villager (Male) |
| 2:25 | Create | Villager (Male) |
| 2:44 | Build | Palisade Wall |
| 2:45 | Build | Palisade Wall |
| 2:53 | Create | Villager (Male) |
| 2:54 | Create | Villager (Male) |
| 3:01 | Build | House |
| 3:04 | Create | Villager (Male) |
| 3:25 | Create | Villager (Male) |
| 3:25 | Create | Villager (Male) |
| 4:01 | Create | Villager (Male) |
| 4:01 | Create | Villager (Male) |
| 4:21 | Create | Villager (Male) |
| 4:21 | Create | Villager (Male) |
| 4:27 | Build | Lumber Camp |
| 4:33 | Create | Villager (Male) |
| 4:33 | Create | Villager (Male) |
| 4:49 | Create | Villager (Male) |
| 4:50 | Create | Villager (Male) |
| 5:05 | Create | Villager (Male) |
| 5:05 | Create | Villager (Male) |
| 5:14 | Create | Villager (Male) |
| 5:14 | Create | Villager (Male) |
| 5:34 | Build | House |
| 5:37 | Create | Villager (Male) |
| 5:37 | Create | Villager (Male) |
| 5:55 | Create | Villager (Male) |
| 7:13 | Create | Villager (Male) |
| 7:14 | Create | Villager (Male) |
| 7:26 | Build | House |
| 7:28 | Build | Mill |
| 8:34 | Create | Villager (Male) |
| 8:35 | Create | Villager (Male) |
| 9:04 | Build | Mining Camp |
| 9:10 | Research | Feudal Age |
| 10:31 | Build | Palisade Wall |
| 11:18 | Create | Villager (Male) |
| 11:18 | Create | Villager (Male) |
| 11:34 | Age | Feudal Age |
| 11:42 | Build | Stone Wall |
| 11:44 | Build | Stone Wall |
| 11:58 | Build | Market |
| 12:49 | Create | Villager (Male) |
| 12:50 | Create | Villager (Male) |
| 12:52 | Build | Blacksmith |
| 13:27 | Build | Watch Tower |
| 13:31 | Research | Castle Age |
| 13:31 | Research | Castle Age |
| 13:32 | Research | Fletching |
| 13:44 | Research | Double-Bit Axe |
| 13:44 | Research | Double-Bit Axe |
| 14:33 | Create | Villager (Male) |
| 14:33 | Create | Villager (Male) |
| 14:35 | Build | House |
| 14:35 | Build | House |
| 15:39 | Build | Stone Wall |
| 15:53 | Create | Villager (Male) |
| 15:55 | Build | House |
| 16:03 | Build | Farm |
| 16:04 | Build | Farm |
| 16:04 | Build | Farm |
| 16:11 | Age | Castle Age |
| 16:14 | Research | Bodkin Arrow |
| 16:15 | Research | Bodkin Arrow |
| 16:33 | Build | Farm |
| 17:10 | Create | Villager (Male) |
| 17:16 | Build | Siege Workshop |
| 17:40 | Create | Mangonel |
| 18:04 | Create | Villager (Male) |
| 18:05 | Create | Villager (Male) |
| 18:15 | Build | Town Center |
| 18:18 | Create | Villager (Male) |
| 18:52 | Create | Villager (Male) |
| 18:53 | Create | Villager (Male) |
| 18:54 | Build | Farm |
| 19:13 | Create | Villager (Male) |
| 19:40 | Build | Town Center |
| 19:42 | Create | Villager (Male) |
| 19:43 | Create | Villager (Male) |
| 19:49 | Create | Villager (Male) |
| 20:21 | Create | Villager (Male) |
| 20:21 | Create | Villager (Male) |
| 20:22 | Build | Farm |
| 20:34 | Build | Farm |
| 20:35 | Build | Farm |
| 20:36 | Build | Farm |
| 20:40 | Create | Villager (Male) |
| 20:40 | Create | Villager (Male) |
| 20:45 | Build | Farm |
| 20:45 | Build | Farm |
| 20:47 | Build | Farm |
| 20:49 | Build | Farm |
| 21:04 | Create | Villager (Male) |
| 21:17 | Create | Villager (Male) |
| 21:17 | Create | Villager (Male) |
| 21:37 | Create | Villager (Male) |
| 21:37 | Create | Villager (Male) |
| 21:40 | Build | Farm |
| 21:42 | Build | Farm |
| 21:42 | Build | Farm |
| 21:48 | Create | Villager (Male) |
| 21:48 | Create | Villager (Male) |
| 21:51 | Create | Villager (Male) |
| 22:03 | Build | House |
| 22:03 | Build | House |
| 22:04 | Build | House |
| 22:04 | Build | House |
| 22:05 | Build | House |
| 22:06 | Build | House |
| 22:10 | Create | Villager (Male) |
| 22:10 | Create | Villager (Male) |
| 22:10 | Create | Villager (Male) |
| 22:28 | Create | Villager (Male) |
| 22:33 | Build | House |
| 22:38 | Build | Mining Camp |
| 22:49 | Build | Farm |
| 22:54 | Research | Bow Saw |
| 22:54 | Research | Bow Saw |
| 22:55 | Research | Horse Collar |
| 22:55 | Research | Horse Collar |
| 22:58 | Create | Villager (Male) |
| 22:58 | Create | Villager (Male) |
| 22:58 | Create | Villager (Male) |
| 22:58 | Create | Villager (Male) |
| 23:03 | Build | Farm |
| 23:04 | Build | Farm |
| 23:06 | Build | Farm |
| 23:07 | Build | Farm |
| 23:08 | Build | Farm |
| 23:08 | Build | Farm |
| 23:13 | Build | Farm |
| 23:14 | Build | Farm |
| 23:17 | Create | Villager (Male) |
| 23:17 | Create | Villager (Male) |
| 23:24 | Build | Farm |
| 23:38 | Build | Outpost |
| 23:41 | Build | Outpost |
| 23:50 | Create | Villager (Male) ×4 |
Match timeline
| 0:47 | Dangio · wall_segment Palisade Wall x9 |
| 1:38 | joosephy · wall_segment Palisade Wall x8 |
| 1:57 | 菜菜虎 · wall_segment Palisade Wall x3 |
| 2:00 | 菜菜虎 · wall_segment Palisade Wall x5 |
| 2:44 | Dangio · wall_segment Palisade Wall x6 |
| 2:45 | Dangio · wall_segment Palisade Wall x4 |
| 3:51 | mojotzotzo · wall_segment Palisade Wall x7 |
| 6:35 | joosephy · first_building Barracks |
| 7:01 | 菜菜虎 · first_building Barracks |
| 8:52 | mojotzotzo · first_building Barracks |
| 9:06 | ITA | Carma · age_up feudal |
| 9:47 | joosephy · wall_segment Palisade Wall x1 |
| 9:48 | joosephy · wall_segment Palisade Wall x1 |
| 9:49 | joosephy · wall_segment Palisade Wall x1 |
| 10:00 | joosephy · age_up feudal |
| 10:00 | 菜菜虎 · age_up feudal |
| 10:13 | 菜菜虎 · first_building Archery Range |
| 10:31 | Dangio · wall_segment Palisade Wall x7 |
| 10:51 | mojotzotzo · wall_segment Palisade Wall x1 |
| 10:59 | _SuLTaN_ · wall_segment Palisade Wall x13 |
| 11:22 | mojotzotzo · wall_segment Palisade Wall x9 |
| 11:34 | Dangio · age_up feudal |
| 11:34 | _SuLTaN_ · age_up feudal |
| 11:42 | Dangio · wall_segment Stone Wall x7 |
| 11:42 | [LuB]cph · age_up feudal |
| 11:44 | Dangio · wall_segment Stone Wall x5 |
| 11:49 | 結城結弦 · age_up feudal |
| 11:53 | mojotzotzo · wall_segment Palisade Wall x1 |
| 13:02 | _SuLTaN_ · wall_segment Palisade Wall x1 |
| 13:16 | mojotzotzo · age_up feudal |
| 13:26 | mojotzotzo · first_building Stable |
| 14:30 | ITA | Carma · first_building Barracks |
| 14:50 | _SuLTaN_ · age_up castle |
| 15:18 | ITA | Carma · first_building Stable |
| 15:19 | [LuB]cph · age_up castle |
| 15:20 | [LuB]cph · first_building Siege Workshop |
| 15:30 | _SuLTaN_ · first_building Monastery |
| 15:39 | Dangio · wall_segment Stone Wall x1 |
| 15:44 | 結城結弦 · age_up castle |
| 15:50 | 結城結弦 · first_building Monastery |
| 16:11 | Dangio · age_up castle |
| 17:12 | mojotzotzo · resign |
| 17:16 | Dangio · first_building Siege Workshop |
| 18:04 | 菜菜虎 · wall_segment Stone Wall x1 |
| 18:05 | joosephy · wall_segment Stone Wall x1 |
| 18:05 | 菜菜虎 · wall_segment Stone Wall x1 |
| 18:06 | 菜菜虎 · wall_segment Stone Wall x1 |
| 18:08 | 菜菜虎 · wall_segment Stone Wall x1 |
| 18:10 | joosephy · wall_segment Stone Wall x3 |
| 18:11 | Dangio · first_market_buy 100 stone |
| 18:12 | joosephy · wall_segment Stone Wall x1 |
| 18:13 | joosephy · wall_segment Stone Wall x1 |
| 18:14 | joosephy · wall_segment Stone Wall x1 |
| 18:43 | _SuLTaN_ · first_market_buy 100 stone |
| 18:51 | 菜菜虎 · wall_segment Stone Wall x1 |
| 19:09 | 結城結弦 · first_building Castle |
| 19:34 | 菜菜虎 · wall_segment Stone Wall x1 |
| 19:35 | 菜菜虎 · wall_segment Stone Wall x1 |
| 19:35 | 菜菜虎 · wall_segment Stone Wall x1 |
| 19:36 | _SuLTaN_ · wall_segment Stone Wall x3 |
| 19:48 | [LuB]cph · first_market_sell 100 wood |
| 19:48 | joosephy · first_market_buy 100 food |
| 19:48 | [LuB]cph · first_market_buy 100 stone |
| 19:53 | 菜菜虎 · wall_segment Stone Wall x1 |
| 19:54 | _SuLTaN_ · wall_segment Stone Wall x2 |
| 19:59 | 菜菜虎 · wall_segment Stone Wall x2 |
| 20:02 | 菜菜虎 · wall_segment Stone Wall x2 |
| 20:03 | 菜菜虎 · wall_segment Stone Wall x1 |
| 20:03 | 菜菜虎 · wall_segment Stone Wall x1 |
| 20:04 | 菜菜虎 · wall_segment Stone Wall x1 |
| 20:48 | ITA | Carma · first_market_buy 100 food |
| 21:31 | joosephy · wall_segment Stone Wall x5 |
| 21:57 | 菜菜虎 · age_up castle |
| 22:21 | 菜菜虎 · wall_segment Stone Wall x2 |
| 22:22 | 菜菜虎 · wall_segment Stone Wall x1 |
| 22:22 | 菜菜虎 · wall_segment Stone Wall x1 |
| 22:25 | 菜菜虎 · wall_segment Stone Wall x5 |
| 22:37 | ITA | Carma · wall_segment Palisade Wall x2 |
| 22:49 | joosephy · age_up castle |
| 23:29 | _SuLTaN_ · first_building Barracks |
| 23:46 | ITA | Carma · age_up castle |
| 24:19 | _SuLTaN_ · first_building Stable |
| 25:46 | 結城結弦 · first_building Barracks |
| 26:00 | [LuB]cph · first_building Barracks |
| 26:04 | _SuLTaN_ · first_building Castle |
| 26:05 | ITA | Carma · first_market_sell 100 food |
| 26:35 | ITA | Carma · first_building Castle |
| 26:48 | [LuB]cph · first_building Monastery |
| 27:01 | 結城結弦 · first_building Stable |
| 27:03 | Dangio · first_building Barracks |
| 27:14 | 結城結弦 · first_building Archery Range |
| 27:25 | _SuLTaN_ · first_building Siege Workshop |
| 27:56 | ITA | Carma · first_building Monastery |
| 28:19 | Dangio · first_building Archery Range |
| 28:23 | joosephy · first_building Castle |
| 28:31 | 結城結弦 · first_building Siege Workshop |
| 28:34 | Dangio · first_market_sell 100 food |
| 29:05 | 菜菜虎 · first_building Monastery |
| 29:08 | Dangio · first_building Stable |
| 29:19 | 菜菜虎 · first_building Siege Workshop |
| 29:55 | [LuB]cph · first_building Castle |
| 30:22 | _SuLTaN_ · age_up imperial |
| 30:27 | [LuB]cph · age_up imperial |
| 30:54 | 菜菜虎 · wall_segment Stone Wall x3 |
| 30:55 | 菜菜虎 · wall_segment Stone Wall x2 |
| 30:57 | 菜菜虎 · wall_segment Stone Wall x4 |
| 31:08 | 菜菜虎 · wall_segment Stone Wall x2 |
| 31:09 | 結城結弦 · age_up imperial |
| 31:18 | 菜菜虎 · wall_segment Stone Wall x2 |
| 31:19 | 菜菜虎 · wall_segment Stone Wall x3 |
| 31:25 | 菜菜虎 · wall_segment Stone Wall x4 |
| 31:27 | 菜菜虎 · wall_segment Stone Wall x1 |
| 31:46 | Dangio · first_building Castle |
| 31:50 | Dangio · age_up imperial |
| 31:56 | 菜菜虎 · first_building Castle |
| 33:19 | joosephy · age_up imperial |
| 34:11 | 菜菜虎 · wall_segment Stone Wall x1 |
| 34:49 | ITA | Carma · age_up imperial |
| 35:15 | 菜菜虎 · age_up imperial |
| 35:22 | 菜菜虎 · first_market_sell 100 wood |
| 37:10 | [LuB]cph · tribute_sent a jugador 1 |
| 37:10 | [LuB]cph · tribute_sent a jugador 2 |
| 37:10 | [LuB]cph · tribute_sent a jugador 4 |
| 37:10 | [LuB]cph · tribute_sent a jugador 5 |
| 37:10 | [LuB]cph · tribute_sent a jugador 6 |
| 37:10 | [LuB]cph · tribute_sent a jugador 7 |
| 37:10 | [LuB]cph · tribute_sent a jugador 8 |
| 38:08 | 結城結弦 · tribute_sent a jugador 2 |
| 38:08 | 結城結弦 · tribute_sent a jugador 3 |
| 38:08 | 結城結弦 · tribute_sent a jugador 4 |
| 38:08 | 結城結弦 · tribute_sent a jugador 5 |
| 38:08 | 結城結弦 · tribute_sent a jugador 6 |
| 38:08 | 結城結弦 · tribute_sent a jugador 7 |
| 38:08 | 結城結弦 · tribute_sent a jugador 8 |
| 39:37 | 菜菜虎 · first_market_buy 100 wood |
| 42:55 | 結城結弦 · wall_segment Stone Wall x11 |
| 45:34 | _SuLTaN_ · first_market_sell 100 stone |
| 46:22 | joosephy · wall_segment Stone Wall x4 |
| 46:26 | joosephy · wall_segment Stone Wall x2 |
[ AI ANALYSIS · 1 CREDIT ]
What really happened in this match?
Wolo.gg analyzes every decision: build order, eco, micro, common mistakes by bracket. Personalized analysis on WhatsApp or Discord in 30 seconds.
Civ guide
Cumans
Perfil
Jugador #2249079